Map: Dragon Scales LE

Players

ReesesPieces - Winner!

  • Race: Protoss Protoss
  • League: Grandmaster
  • Spawn Location: 11:00

MillForGG (ForGG)

  • Race: Terran Terran
  • League: Grandmaster
  • Spawn Location: 5:00

VOD

Have the link to the VOD?

Description

Time

  • Played on: May 17, 2023, 5:22 p.m.
  • Length: 9:09
Show
View Real Time Build Order
Export as new Build Order

ReesesPieces Protoss - Winner!

Build Orders: 1 Gate Expand, Oracle Opening 

Get SALT Encoding   

  12  0:00  Probe  
  13  0:12  Probe  
  14  0:17  Pylon  
  14  0:24  Probe (Chrono Boost)  
  16  0:36  Gateway, Probe (Chrono Boost)  
  16  0:43  Probe (Chrono Boost)  
  16  0:45  Assimilator  
  17  0:51  Probe  
  18  1:03  Probe  
  19  1:15  Probe  
  20  1:23  Cybernetics Core  
  20  1:24  Zealot  
  22  1:40  Nexus  
  22  1:47  Pylon  
  22  1:51  Probe  
  23  2:00  Assimilator  
  23  2:02  Adept (Chrono Boost)  
  23  2:06  Probe  
  25  2:16  Stargate  
  25  2:20  Probe  
  26  2:24  Adept (Chrono Boost)  
  28  2:32  Probe  
  29  2:39  Warp Gate  
  30  2:44  Probe  
  30  2:46  Shield Battery  
  30  2:51  Adept  
  30  2:53  Probe  
  33  3:03  Oracle (Chrono Boost)  
  33  3:07  Probe  
  33  3:10  Probe  
  38  3:19  Probe  
  38  3:22  Probe  
  39  3:31  Probe  
  39  3:34  Adept, Probe  
  41  3:43  Pylon  
  41  3:46  Probe (Chrono Boost)  
  41  3:47  Probe (Chrono Boost)  
  44  3:58  Probe (Chrono Boost)  
  44  3:59  Probe (Chrono Boost)  
  44  4:02  Probe (Chrono Boost)  
  45  4:04  Assimilator  
  45  4:06  Assimilator  
  45  4:07  Probe  
  45  4:09  Void Ray (Chrono Boost)  
  51  4:10  Pylon  
  51  4:16  Probe  
  52  4:20  Pylon  
  52  4:22  Probe  
  53  4:28  Probe  
  54  4:33  Fleet Beacon  
  54  4:34  Probe  
  55  4:44  Probe  
  54  4:46  Probe  
  53  4:54  Void Ray (Chrono Boost)  
  53  4:56  Probe  
  53  4:58  Stargate  
  53  4:59  Probe  
  55  5:04  Shield Battery  
  55  5:05  Zealot  
  57  5:14  Shield Battery  
  57  5:23  Protoss Air Weapons Level 1  
  57  5:26  Pylon  
  61  5:37  Void Ray (Chrono Boost)  
  61  5:42  Carrier (Chrono Boost), Probe  
  66  5:49  Pylon  
  68  5:52  Zealot  
  69  5:58  Pylon x2  
  69  6:02  Shield Battery  
  71  6:15  Forge, Carrier (Chrono Boost)  
  71  6:20  Zealot  
  71  6:24  Pylon  
  79  6:42  Carrier (Chrono Boost), Probe  
  80  6:48  Zealot  
  80  6:50  Protoss Shields Level 1 (Chrono Boost)  
  82  6:54  Pylon  
  82  7:10  Photon Cannon  
  82  7:14  Pylon  
  88  7:17  Carrier (Chrono Boost)  
  88  7:24  Pylon  
  88  7:26  Pylon  
  88  7:28  Pylon  
  88  7:39  Carrier (Chrono Boost)  
  94  7:44  Zealot  
  90  8:19  Photon Cannon  
  92  8:20  Photon Cannon  
  92  8:22  Photon Cannon  
  92  8:23  Shield Battery  
  92  8:39  Nexus  
  92  8:41  Pylon  
Show
View Real Time Build Order
Export as new Build Order

MillForGG Terran 

Build Orders: Cyclone Opening 

Get SALT Encoding   

  12  0:00  SCV  
  13  0:12  SCV  
  14  0:17  Supply Depot  
  14  0:25  SCV  
  15  0:38  SCV  
  15  0:40  Barracks  
  16  0:43  Refinery  
  16  0:50  SCV  
  16  0:52  Refinery  
  17  1:02  SCV  
  18  1:14  SCV  
  19  1:27  Orbital Command, Reaper  
  19  1:28  Supply Depot  
  20  1:41  Factory  
  20  1:53  SCV  
  21  1:59  Reaper  
  22  2:05  SCV  
  23  2:17  SCV  
  23  2:21  Command Center  
  24  2:26  Factory Tech Lab  
  24  2:29  SCV  
  25  2:36  Barracks Reactor  
  25  2:41  SCV  
  25  2:44  Supply Depot  
  25  2:46  Cyclone  
  28  2:53  SCV  
  29  3:01  Barracks  
  29  3:06  SCV  
  30  3:14  Barracks  
  30  3:18  SCV  
  31  3:25  Marine x2  
  33  3:33  Siege Tank  
  36  3:35  SCV  
  37  3:47  Supply Depot, SCV  
  38  3:49  Barracks Tech Lab  
  38  3:56  Marine x2  
  39  4:02  Orbital Command  
  39  4:03  SCV  
  39  4:04  Barracks Tech Lab  
  40  4:11  Siege Tank  
  40  4:15  Stimpack  
  43  4:17  SCV  
  43  4:21  Marine x2  
  43  4:22  Marine  
  43  4:24  Marine  
  47  4:27  Combat Shield  
  48  4:32  SCV x2  
  50  4:43  Siege Tank  
  48  4:51  Marine x4  
  52  4:57  SCV x2  
  52  5:08  Marine x2  
  52  5:09  SCV, Marine x2  
  52  5:10  SCV  
  58  5:19  Starport  
  58  5:22  SCV x2, Engineering Bay  
  58  5:24  Factory Reactor  
  58  5:26  Marine x2  
  62  5:28  Supply Depot x2  
  62  5:34  Marine  
  62  5:37  SCV  
  62  5:40  SCV  
  62  5:50  Terran Infantry Weapons Level 1  
  62  5:53  SCV x2, Marine x3  
  62  5:55  Marine  
  68  6:06  SCV x2  
  70  6:11  Marine x3, Factory Reactor  
  70  6:13  Medivac, Marine  
  70  6:18  SCV x2  
  78  6:23  Medivac  
  78  6:24  Refinery  
  78  6:25  Refinery  
  80  6:26  Missile Turret  
  80  6:29  Marine x3  
  80  6:30  SCV x2  
  80  6:31  Marine  
  81  6:42  SCV  
  81  6:44  Supply Depot  
  81  6:45  Supply Depot  
  83  6:51  Medivac  
  83  6:53  Medivac  
  86  7:05  SCV x2, Marine x4  
  92  7:11  Supply Depot  
  92  7:13  Supply Depot, Widow Mine x2  
  96  7:17  SCV x2  
  98  7:23  Marine x3  
  102  7:30  SCV  
  102  7:32  Supply Depot x2  
  102  7:35  SCV  
  100  7:37  Widow Mine  
  100  7:41  Medivac  
  100  7:42  SCV  
  105  7:47  SCV  
  106  7:54  SCV  
  106  7:55  Marine  
  106  7:56  Marine x3  
  81  8:13  Marine x3  
  81  8:14  Marine  
  77  8:20  SCV x2  
  77  8:26  Barracks  
  79  8:29  Barracks  
  79  8:31  Marine x4  
  81  8:37  SCV x2  
  82  8:44  Command Center  
  82  8:49  SCV x2, Marine x2  
Tags
 
Add a new tag
Caveats
  • Supply blocks, unpowered buildings, or Contaminate may cause inaccurate times.
  • Supply counts are checked every 10 seconds.